 Dungeon Crawl Stone Soup version 0.29-a0-383-g8b6f518c11 (webtiles) character file.

Game seed: 15886649389501923483

2018 MackTheKnife the Spear-Bearer (level 9, -2/62 HPs)
             Began as a Demonspawn Delver on May 6, 2022.
             Was a Priest of Hepliaklqana.
             Slain by a kobold brigand
             ... wielding a +0 war axe
              (10 damage)
             ... in a bailey.
             The game lasted 00:13:02 (7682 turns).

MackTheKnife the Spear-Bearer (Demonspawn Delver)   Turns: 7682, Time: 00:13:02

Health: -2/62      AC:  6    Str: 15    XL:     9   Next: 3%
Magic:  9/9        EV: 11    Int: 11    God:    Hepliaklqana [***...]
Gold:   896        SH:  0    Dex: 17    Spells: 8/8 levels left

rFire   . . .      SeeInvis .   p - +0 halberd
rCold   . . .      Faith    .   (shield currently unavailable)
rNeg    + . .      Spirit   .   l - +1 ring mail
rPois   .          Reflect  .   (no helmet)
rElec   .          Harm     .   (no cloak)
rCorr   .          Rampage  .   (no gloves)
Will    .....                   (no boots)
Stlth   ++........              (no amulet)
HPRegen 0.20/turn               h - ring of wizardry {Wiz+, !d}
MPRegen 0.22/turn               q - ring of positive energy {rN+}

@: mighty, lethally poisoned (-2 -> -8), slowed, invisible, very slow
A: reduced essence, ignite blood 1, magic regeneration, talons 1, passive freeze
a: Renounce Religion, Recall Ancestor, Ancestor Identity, Transference


You were in a bailey.
You worshipped Hepliaklqana.
Hepliaklqana was most pleased with you.
You visited 1 branch of the dungeon, and saw 7 of its levels.
You also visited: Sewer and Bailey.

You collected 896 gold pieces.

Inventory:

Hand Weapons
 m - a +2 short sword of speed
   (You took it off a kobold in a sewer)
 p - a +0 halberd (weapon)
   (You took it off a gnoll on level 4 of the Dungeon)
 r - a +0 short sword of electrocution
   (You took it off a kobold brigand in a sewer)
Missiles
 t - a curare-tipped dart
Armour
 l - a +1 ring mail (worn)
   (You found it on level 4 of the Dungeon)
 A - a +0 chain mail
   (You took it off an orc warrior in a bailey)
Jewellery
 h - a ring of wizardry (left hand) {Wiz+, !d}
   (You found it on level 5 of the Dungeon)
 q - a ring of positive energy (right hand) {rN+}
   (You found it on level 6 of the Dungeon)
 y - a ring of ice {rC+, rF-}
   (You found it on level 7 of the Dungeon)
Wands
 g - a wand of digging (3)
 w - a wand of flame (16)
   (You found it on level 6 of the Dungeon)
Scrolls
 a - 2 scrolls of identify
 b - 2 scrolls of teleportation
 c - a scroll of fog
 e - 3 scrolls of fear
 k - 5 scrolls of amnesia
 o - 2 scrolls of enchant armour
 v - a scroll of silence
Potions
 d - a potion of lignification {unknown}
 f - 5 potions of haste
 i - 4 potions of brilliance
 j - a potion of might
 n - 3 potions of curing
 u - a potion of invisibility
 x - a potion of ambrosia {unknown}
 z - a potion of mutation {!q}


   Skills:
 - Level 6.1 Fighting
 + Level 9.8 Polearms
 - Level 1.8 Dodging
 - Level 4.5 Stealth


You had 8 spell levels left.
You didn't know any spells.
Your spell library contained the following spells:

 Spells                   Type           Power      Damage    Failure   Level
 Apportation              Tloc           0%         N/A       26%         1
 Sandblast                Erth           0%         2d4       26%         1
 Passwall                 Tmut/Erth      0%         N/A       38%         2
 Stone Arrow              Conj/Erth      0%         3d7       61%         3
 Alistair's Intoxication  Tmut/Pois      0%         N/A       99%         5


Dungeon Overview and Level Annotations

Branches:
Dungeon (7/15)             Temple (0/1) D:6           Sewer (visited)
 Bailey (1/1)

Altars:
Ashenzari
Hepliaklqana
Okawaru
Qazlal
Wu Jian
Xom

Annotations:
D:5 1 runed translucent door, bgiannan's ghost, novice MiBe


Innate Abilities, Weirdness & Mutations

Your life essence is reduced to manifest your ancestor. (-10% HP)
Your demonic aura sometimes causes spilled blood to erupt in flames.
You regenerate magic rapidly.
You have sharp toenails.
A frigid envelope surrounds you and freezes all who hurt you.


Message History

You take 21 damage, and have 27/57 hp.
MASSIVE DAMAGE!!
Unknown command.
You feel sick.
The orc warrior hits Mack with a +0 war axe!!
Mack is destroyed!
You take 1 damage, and have 26/57 hp.
You fade into invisibility!
You feel sick.
You take 1 damage, and have 25/57 hp.
Unknown command.
You hit the kobold brigand. Your kick misses the kobold brigand.
You feel sick.
The kobold brigand hits you but does no damage.
The kobold brigand is very cold.
The orc warrior barely misses you.
The kobold brigand throws a poisoned dart.
The poisoned dart closely misses the orc warrior.
The poisoned dart closely misses you.
You take 1 damage, and have 24/57 hp.
You catch the helpless kobold brigand completely off-guard!
You slice the kobold brigand!!
You kill the kobold brigand!
You feel sick.
The kobold brigand throws a poisoned dart.
The poisoned dart misses the orc warrior.
The poisoned dart barely misses you.
The orc warrior hits you with a +0 war axe!
* * * LOW HITPOINT WARNING * * *
The orc warrior is very cold.
You take 13 damage, and have 11/57 hp.
MASSIVE DAMAGE!!
You feel much better.
You feel sick. The orc warrior barely misses you.
The kobold brigand throws a curare-tipped dart.
The curare-tipped dart hits the orc warrior.
The orc warrior is poisoned.
The orc warrior convulses.
The orc warrior seems to slow down.
The kobold brigand hits you with a +0 war axe.
The kobold brigand is very cold.
You regained 22 hp, and now have 33/57 hp.
You feel sick.
You are no longer poisoned.
Things that are here:
a +0 war axe; an orc corpse You take 1 damage, and have 32/57 hp.
The kobold brigand throws a curare-tipped dart.
The curare-tipped dart hits the orc warrior.
The orc warrior is poisoned.
The orc warrior convulses.
The orc warrior seems to slow down.
There is an open gate here.
You are too injured to fight recklessly!
Unknown command.
Reach: p) +0 halberd
Aim: an orc warrior, wielding a +0 war axe and wearing a +0 ring mail (moderately wounded, wandering, can't see you, very poisoned, slow, hasn't noticed you, about 47% to evade your +0 halberd)
You reach to attack!
You strike the helpless orc warrior from behind!
You impale the orc warrior!!
You kill the orc warrior!
Reach: p) +0 halberd
Aim: a kobold brigand, wielding a +0 war axe and quivering poisoned darts (moderately wounded, wandering, can't see you, hasn't noticed you, about 47% to evade your +0 halberd)
You reach to attack!
You puncture the kobold brigand!
The kobold brigand throws a poisoned dart.
The poisoned dart closely misses the orc warrior.
The poisoned dart barely misses you.
Reach: p) +0 halberd
Aim: a kobold brigand, wielding a +0 war axe and quivering poisoned darts (severely wounded, wandering, can't see you, hasn't noticed you, about 47% to evade your +0 halberd)
You catch the helpless kobold brigand completely off-guard!
You puncture the kobold brigand!
You kill the kobold brigand!
The kobold brigand throws a curare-tipped dart.
The curare-tipped dart hits you.
You are poisoned.
You have difficulty breathing.
You feel yourself slow down.
You have reached level 9!
Your experience leads to an increase in your attributes!
Increase (s)trength, (i)ntelligence, or (d)exterity?
You feel agile. x2
You take 3 damage, and have 30/62 hp.
MP restored: 9 You feel better.
The kobold brigand throws a curare-tipped dart.
The curare-tipped dart barely misses the kobold brigand.
The curare-tipped dart hits you.
You are poisoned.
You have difficulty breathing.
You feel as though you will be slow longer.
The orc warrior hits you with a +0 war axe!
* * * LOW HITPOINT WARNING * * *
The orc warrior is very cold.
The orc warrior misses you. The kobold brigand barely misses you.
You take 14 damage, and have 16/62 hp.
MASSIVE DAMAGE!!
* * * LOW HITPOINT WARNING * * *
You feel very sick.
You take 5 damage, and have 11/62 hp.
Unknown command.
* * * LOW HITPOINT WARNING * * *
You feel very sick.
The orc warrior looks more healthy.
The kobold brigand hits you with a +0 war axe!
You die...

....≈≈.(.....≈≈..
.###≈≈.......≈≈###.#
....≈≈.......≈≈....#
.###≈≈.......≈≈###.#
....≈≈.......)≈....#
#.###≈≈......)≈≈###.#
....≈≈..o....≈≈....
###≈≈..o....≈≈####
##≈@KKo...≈##
####oo'#### ##o.)..##
#∩....)∩# #...8...#
##..(..## ###'###
#... .)....


You could see 5 orc warriors and 2 kobold brigands.

Vanquished Creatures
  An orc warrior (Bailey)
  7 kobold brigands
  A scorpion (D:6)
  4 hounds
  An orc priest (D:7)
  An iguana (D:6)
  A gnoll (D:4)
  7 adders
  5 river rats (Sewer)
  2 ufetubi (D:6)
  2 worms
  A dart slug (D:1)
  5 orcs
  2 endoplasms
  2 giant cockroaches
  2 goblins (D:4)
  4 hobgoblins
  3 quokkas
  5 ball pythons
  4 bats
  2 frilled lizards
  17 kobolds
  12 rats
91 creatures vanquished.

Vanquished Creatures (collateral kills)
  An ice beast (D:6)
  An orc warrior (Bailey)
  4 kobold brigands
  A necrophage (D:6)
  A scorpion (D:4)
  A howler monkey (D:6)
  4 hounds
  A jelly (D:6)
  An orc priest (D:7)
  3 orc wizards
  2 gnolls (D:4)
  A river rat (Sewer)
  5 adders
  A white imp (D:6)
  An ufetubus (D:4)
  3 worms
  6 orcs
  A giant cockroach (D:2)
  8 goblins
  2 hobgoblins
  2 quokkas
  5 ball pythons
  A bat (D:1)
  4 frilled lizards
  20 kobolds
  16 rats
96 creatures vanquished.

Vanquished Creatures (others)
  A battlemage (Bailey)
  2 ancestors
3 creatures vanquished.

Grand Total: 190 creatures vanquished

Notes
Turn   | Place    | Note
-------+----------+-------------------------------------------
     0 | D:5      | MackTheKnife the Demonspawn Delver began the quest for the
                  | Orb.
     0 | D:5      | Reached XP level 1. HP: 18/18 MP: 1/1
   146 | D:5      | Noticed a hound
   146 | D:5      | Noticed a hound
   177 | D:4      | HP: 4/18 [orc/+0 hand axe (4)]
   771 | D:4      | Gained mutation: You regenerate magic rapidly. [demonic
                  | ancestry]
   771 | D:4      | Reached XP level 2. HP: 24/24 MP: 2/2
   830 | D:4      | Noticed a scorpion
   984 | D:3      | Found a stormy altar of Qazlal.
   995 | D:3      | Found a faded altar of an unknown god.
  1362 | D:3      | Prayed at the altar of an unknown god.
  1362 | D:3      | Became a worshipper of Hepliaklqana the Forgotten
  1362 | D:3      | Reached * piety under Hepliaklqana
  1539 | D:3      | Found a broken altar of Ashenzari.
  1840 | D:1      | Reached skill level 4 in Fighting
  1885 | D:1      | Reached XP level 3. HP: 21/27 MP: 3/3
  2022 | D:1      | Reached ** piety under Hepliaklqana
  2023 | D:1      | Remembered your ancestor Mack as a battlemage
  2883 | D:2      | Reached XP level 4. HP: 13/34 MP: 4/4
  2974 | D:2      | Reached skill level 5 in Fighting
  4009 | D:4      | Killed a scorpion
  4010 | D:4      | Reached XP level 5. HP: 39/41 MP: 5/5
  4299 | D:4      | Reached skill level 6 in Fighting
  4705 | D:4      | Reached skill level 2 in Polearms
  4809 | D:4      | Gained mutation: You passively dampen the noise of your
                  | surroundings. [potion of mutation]
  4809 | D:4      | Gained mutation: You have sharp toenails. [potion of
                  | mutation]
  4810 | D:4      | Lost mutation: You passively dampen the noise of your
                  | surroundings. [potion of mutation]
  4810 | D:4      | Lost mutation: You have sharp toenails. [potion of
                  | mutation]
  4810 | D:4      | Gained mutation: You have sharp toenails. [potion of
                  | mutation]
  4810 | D:4      | Gained mutation: A frigid envelope surrounds you and
                  | freezes all who hurt you. [potion of mutation]
  5008 | D:5      | Reached skill level 3 in Polearms
  5008 | D:5      | Gained mutation: Your demonic aura sometimes causes spilled
                  | blood to erupt in flames. [demonic ancestry]
  5008 | D:5      | Reached XP level 6. HP: 46/46 MP: 6/6
  5076 | D:5      | Found a runed translucent door.
  5080 | D:5      | Noticed bgiannan's ghost (novice MiBe)
  5520 | D:5      | Reached skill level 4 in Polearms
  5605 | D:5      | Found an iron altar of Okawaru.
  5638 | D:5      | Found a shimmering altar of Xom.
  5733 | D:6      | Found a staircase to the Ecumenical Temple.
  5755 | D:6      | Found a glowing drain.
  5760 | D:6      | Reached *** piety under Hepliaklqana
  5781 | Sewer    | Entered a sewer
  5809 | Sewer    | Reached XP level 7. HP: 52/52 MP: 7/7
  5883 | Sewer    | Reached skill level 5 in Polearms
  6120 | Sewer    | Reached skill level 6 in Polearms
  6861 | D:6      | Reached skill level 7 in Polearms
  6867 | D:6      | Reached XP level 8. HP: 48/57 MP: 8/8
  7029 | D:6      | Reached skill level 8 in Polearms
  7263 | D:7      | Found an ornate altar of the Wu Jian Council.
  7331 | D:7      | Found a flagged portal.
  7354 | Bailey   | Entered a bailey
  7402 | Bailey   | Reached skill level 9 in Polearms
  7671 | Bailey   | HP: 11/57 [orc warrior/+0 war axe (13)]
  7680 | Bailey   | Reached XP level 9. HP: 30/62 MP: 9/9
  7681 | Bailey   | HP: 11/62 [poisoned by a kobold brigand (curare-tipped
                  | dart)]
  7682 | Bailey   | Slain by a kobold brigand

Illustrated notes

Levels and vault maps discovered:
D:1:      dpeg_arrival_fog, layout_loops_cross
D:2:      layout_loops_cross, minmay_hexomino_u4
D:3:      layout_basic, ashenzari_altar_1, grunt_qazlal_sundering,
          ebering_ecumenical_altar_mist
D:4:      layout_basic
D:5:      layout_loops_ring, mainiacjoe_overflow_two_lobes,
          hellmonk_ghost_happy_afterlife
D:6:      layout_loops_ring, minmay_temple_entry_stoned_glass,
          cheibrodos_sewer_entry_drain, minmay_misc_feat_roman,
          minmay_unpleasant_kobolds
D:7:      old_forge, layout_loops_corners, nemelex_spade_bored_becter,
          nicolae_wu_jian_wuxing_cycle, tgw_sif, kennysheep_little_box,
          enter_bailey_3, hangedman_misty_isle
Bailey:   bailey_axe_3, bailey

Skill      XL: |  1  2  3  4  5  6  7  8 |
---------------+-------------------------+-----
Fighting       | 4 5 6 |  6.1
Polearms       | 3 4 7 9 |  9.8
Dodging        | |  1.8
Stealth        | |  4.5

Action                   |  1- 3 |  4- 6 |  7- 9 || total
-------------------------+-------+-------+-------++-------
Melee: Spear             |   155 |    34 |       ||   189
       Long sword        |     1 |       |       ||     1
       Halberd           |       |    33 |   114 ||   147
       Kick              |       |     4 |    21 ||    25
Invok: Recall Ancestor   |     1 |       |       ||     1
       Ancestor Identity |     1 |       |       ||     1
       Ancestor Life: Ba |     1 |       |       ||     1
  Use: Scroll            |       |    14 |     2 ||    16
       Potion            |       |     2 |     4 ||     6
 Stab: Sleeping          |     7 |     5 |     2 ||    14
       Distracted        |     1 |     1 |     3 ||     5
       Invisible         |       |       |     3 ||     3
Armor: Leather armour    |     3 |       |       ||     3
       Ring mail         |    24 |    20 |    25 ||    69
Dodge: Dodged            |    33 |    32 |    48 ||   113

Table legend: (Time is in decaauts)
 A = Elapsed time spent in this place.
 B = Non-inter-level travel time spent in this place.
 C = Inter-level travel time spent in this place.
 D = Time resting spent in this place.
 E = Time spent auto-exploring this place.
 F = Levels seen in this place.
 G = Mean time per level.
                   A        B        C        D        E       F      G
               +--------+--------+--------+--------+--------+-----+--------+
         Total |   7738 |   7571 |    167 |   1325 |   4720 |   9 |  859.8 |
       Dungeon |   6714 |   6547 |    167 |   1091 |   4187 |   7 |  959.1 |
         Sewer |    689 |    689 |      0 |      0 |    528 |   1 |  689.0 |
        Bailey |    334 |    334 |      0 |    234 |      5 |   1 |  334.0 |
               +--------+--------+--------+--------+--------+-----+--------+

Top non-repeatable levels by time:
     D:4: 1819 daAuts
     D:2: 1282 daAuts
     D:3: 1152 daAuts
     D:6: 882 daAuts
     D:5: 739 daAuts
     D:1: 738 daAuts
   Sewer: 689 daAuts
  Bailey: 334 daAuts
     D:7: 100 daAuts

Table legend:
 A = Kills in this place as a percentage of kills in entire the game.
 B = Kills by you in this place as a percentage of kills by you in the entire game.
 C = Kills by friends in this place as a percentage of kills by friends in the entire game.
 D = Other kills in this place as a percentage of other kills in the entire game.
 E = Experience gained in this place as a percentage of experience gained in the entire game.
 F = Experience gained in this place divided by the number of levels of this place that you have seen.
                   A       B       C       D       E      F
               +-------+-------+-------+-------+-------+----------------------
         Total | 100.0 | 100.0 | 100.0 |   N/A | 100.0 | 320.4
       Dungeon |  58.3 |  57.1 |  59.4 |   N/A |  57.3 | 236.1
         Sewer |  31.6 |  35.2 |  28.1 |   N/A |  14.1 | 407.0
        Bailey |  10.2 |   7.7 |  12.5 |   N/A |  28.6 | 824.0
               +-------+-------+-------+-------+-------+----------------------
